 Dungeon Crawl Stone Soup version 0.24.0-123-gd5b16e6ec5 (console) character file.

Game seed: 7769111347583182716, levelgen mode: deterministic

16590 Ignak the Thaumaturge (level 12, -2/91 HPs)
             Began as a Gnoll Wizard on Dec 18, 2019.
             Was a High Priest of Sif Muna.
             Slain by an ettin
             ... wielding a +0 dire flail
              (8 damage)
             ... on level 10 of the Dungeon on Dec 19, 2019.
             The game lasted 01:21:36 (15483 turns).

Ignak the Thaumaturge (Gnoll Wizard)               Turns: 15483, Time: 01:21:39

Health: -2/91      AC: 16    Str: 17    XL:     12   Next: 39%
Magic:  0/26       EV: 21    Int: 26    God:    Sif Muna [*****.]
Gold:   852        SH:  6    Dex: 20    Spells: 1/31 levels left

rFire    + . .     SeeInvis +   F - +7 flail (freeze) (curse)
rCold    . . .     Gourm    +   I - +0 buckler
rNeg     + . .     Faith    .   L - +1 leather armour of Birdsong {Regen+ Str+4 Dex+3}
rPois    .         Spirit   .   z - +0 helmet
rElec    .         Reflect  .   A - +2 cloak
rCorr    .         Harm     .   v - +2 pair of gloves {Str+3}
MR       .....                  p - +2 pair of boots
Stlth    ++++......             B - amulet of the gourmand
HPRegen  1.65/turn              C - +3 ring of evasion
MPRegen  0.20/turn              k - ring of positive energy

@: shrouded, regenerating
A: distributed training, fangs 1, see invisible, agile 1, clever 1, fire
resistance 1, strong nose
a: Channel Magic, Forget Spell, Divine Exegesis, Renounce Religion


You were on level 10 of the Dungeon.
You worshipped Sif Muna.
Sif Muna was extremely pleased with you.
You were full.

You visited 3 branches of the dungeon, and saw 14 of its levels.
You also visited: Ossuary.

You collected 1024 gold pieces.
You spent 172 gold pieces at shops.

Inventory:

Hand Weapons
 a - a +1 morningstar of draining
 b - a +2 mace of holy wrath
 F - a cursed +7 flail of freezing (weapon)
 H - a +4 spear of piercing
Missiles
 o - 4 poisoned darts (quivered)
 t - 3 throwing nets
Armour
 n - a +3 leather armour of cold resistance
 p - a +2 pair of boots (worn)
 v - a +2 pair of gloves of strength (worn)
 z - a +0 helmet (worn)
 A - a +2 cloak (worn)
 G - the +1 cloak of Twilight {Dex+2}
   (You found it on level 9 of the Dungeon)

   It affects your dexterity (+2).
 I - a +0 buckler (worn)
 L - the +1 leather armour of Birdsong (worn) {Regen+ Str+4 Dex+3}
   (You found it on level 11 of the Dungeon)

   It affects your strength (+4).
   It affects your dexterity (+3).
   It increases your rate of regeneration.
Jewellery
 e - a +6 ring of intelligence
 k - a ring of positive energy (right hand)
 l - a +2 ring of intelligence
 B - an amulet of the gourmand (around neck)
 C - a +3 ring of evasion (left hand)
Wands
 q - a wand of digging (8)
 x - a wand of flame (59)
 y - a wand of random effects (34)
 M - a wand of paralysis (11)
Scrolls
 c - 7 scrolls of fog
 f - 3 scrolls of teleportation
 g - 2 scrolls of fear
 i - 3 scrolls of magic mapping
 m - a scroll of amnesia
 w - 2 scrolls of identify
 D - a scroll of blinking
 E - 2 scrolls of remove curse
 K - a scroll of silence
 N - a scroll of vulnerability {unknown}
 O - a scroll of enchant armour
 P - a scroll of noise {unknown}
Potions
 h - a potion of lignification
 j - 3 potions of heal wounds
 r - a potion of curing
 s - a potion of resistance
 u - 3 potions of ambrosia
 J - 3 potions of brilliance
Comestibles
 d - 27 rations


   Skills:
 + Level 7.1 Fighting
 + Level 7.1 Short Blades
 + Level 7.1 Long Blades
 + Level 7.1 Axes
 + Level 7.1 Maces & Flails
 + Level 7.1 Polearms
 + Level 7.1 Staves
 + Level 7.1 Slings
 + Level 7.1 Bows
 + Level 7.1 Crossbows
 + Level 7.1 Throwing
 + Level 7.1 Armour
 + Level 8.5 Dodging
 + Level 8.3 Stealth
 + Level 7.1 Shields
 + Level 7.1 Unarmed Combat
 + Level 10.1 Spellcasting
 + Level 6.3 Conjurations
 + Level 5.9 Hexes
 + Level 5.9 Charms
 + Level 6.3 Summonings
 + Level 5.9 Necromancy
 + Level 6.3 Translocations
 + Level 5.9 Transmutations
 + Level 5.9 Fire Magic
 + Level 5.9 Ice Magic
 + Level 5.9 Air Magic
 + Level 5.9 Earth Magic
 + Level 5.9 Poison Magic
 + Level 7.8 Invocations
 + Level 7.1 Evocations


You had one spell level left.
You knew the following spells:

 Your Spells              Type           Power        Failure   Level  Hunger
a - Magic Dart            Conj           ####         1%          1    None
b - Blink                 Tloc           N/A          1%          2    None
c - Conjure Flame         Conj/Fire      #####...     1%          3    None
d - Mephitic Cloud        Conj/Pois/Air  #####...     1%          3    None
e - Call Imp              Summ           #####...     1%          2    None
f - Lightning Bolt        Conj/Air       #####.....   12%         5    ####...
g - Airstrike             Air            #####.....   4%          4    None
h - Swiftness             Chrm/Air       #####...     1%          2    None
q - Regeneration          Chrm/Necr      #####.....   1%          3    None
r - Shroud of Golubria    Chrm/Tloc      #####.       1%          2    None
v - Vampiric Draining     Necr           #####.....   1%          3    None

Your spell library contained the following spells:

 Spells                   Type           Power        Failure   Level  Hunger
 Animate Skeleton         Necr           N/A          1%          1    None
 Infusion                 Chrm           ####         1%          1    None
 Pain                     Necr           ####         1%          1    None
 Sandblast                Erth           #####.       1%          1    None
 Shock                    Conj/Air       ####         1%          1    None
 Passwall                 Tmut/Erth      #####...     1%          2    None
 Slow                     Hex            #####...     1%          2    None
 Song of Slaying          Chrm           #####...     1%          2    None
 Inner Flame              Hex/Fire       #####...     1%          3    None
 Spectral Weapon          Hex/Chrm       #####...     1%          3    None
 Static Discharge         Conj/Air       #####...     1%          3    None
 Stone Arrow              Conj/Erth      #####.       1%          3    None
 Animate Dead             Necr           N/A          4%          4    None
 Cause Fear               Hex            #####.....   4%          4    None
 Petrify                  Tmut/Erth      #####...     4%          4    None
 Summon Mana Viper        Hex/Summ       #####...     12%         5    ####...
 Lee's Rapid Deconstruct  Erth           #####.....   13%         5    ####...
 Silence                  Hex/Air        #####.....   13%         5    ####...


Dungeon Overview and Level Annotations

Branches:
Dungeon (12/15)            Temple (1/1) D:6            Lair (0/6) D:10
    Orc (1/2) D:10        Ossuary (visited)

Altars:
Ashenzari
Cheibriados
Elyvilon
Fedhas
Gozag
Hepliaklqana
Kikubaaqudgha
Makhleb
Nemelex Xobeh
Okawaru
Qazlal
Ru
Sif Muna
Uskayaw
Wu Jian
Zin
The Shining One

Shops:
D:7 *   D:8 :

Portals:
Trove: D:11 (give +5 demon trident)


Innate Abilities, Weirdness & Mutations

Your experience applies equally to all skills.
You have very sharp teeth.
Your uncanny sense of smell can sniff out nearby items.
You have supernaturally acute eyesight. (SInv)
You are agile. (Dex +2)
Your mind is acute. (Int +2)
Your flesh is heat resistant. (rF+)


Message History

You blink.
The orc wizard gestures at you while chanting.
You easily resist.
Evoke which item? (* to show all) (? for menu, Esc to quit)
Okay, then.
Your skin stops crawling.
Casting: Blink (safe; 1% risk of failure)
Confirm with . or Enter, or press ? or * to list all spells.
Your skin crawls.
The orc wizard casts a spell at you.
You easily resist.
You block the orc wizard's attack. You block the ettin's attack.
The ettin hits you with a +0 dire flail!
Casting: Regeneration (safe; 1% risk of failure)
Confirm with . or Enter, or press ? or * to list all spells.
Space distorts slightly along a thin shroud covering your body.
The ettin hits you with a +0 dire flail!!
* * * LOW HITPOINT WARNING * * *
The ettin hits you with a +0 dire flail!
You die...

#.......# #...# #.# #..#
#.......# #...# #.# #..#
#.......# #...# #.# #..#
#.......#########################
#..[....#.....................>..
#.......#..#[....................
#.......#..#..................)..
#.......[[).[[oo..[..............
#.......#.)...oC@[##....[.....!..
#.......#.....[[..............#..
#.......#..............[......#..
#.......#########################
#.............# #.# #..#
#.............# #.####..#
#.............# #.......#
#........>....# #...<...#
.<............# #..####.#


You could see an ettin, an orc warrior, an orc wizard (invisible) and an orc.

Vanquished Creatures
  A centaur warrior (D:11)
  3 two-headed ogres
  A tengu warrior (D:11)
  The ghost of Scypier the Grappler, a novice TrBe of Trog (D:7)
  4 ugly things (D:11)
  A manticore (D:11)
  A moth of wrath (D:7)
  A gargoyle (D:10)
  A kobold demonologist (D:11)
  2 komodo dragons
  A troll (D:9)
  Grinder (D:4)
  A hippogriff (D:6)
  A shadow (D:11)
  A wyvern (D:11)
  3 basilisks
  5 yaks (D:11)
  A hungry ghost (D:12)
  Eustachio (D:4)
  Menkaure (D:4)
  Edmund (D:5)
  An acid dragon (D:10)
  A water moccasin (D:5)
  A swamp drake (D:10)
  4 ice beasts
  7 orc warriors
  2 sky beasts
  A slave (D:4)
  2 ogres
  3 phantoms
  6 centaurs
  3 crocodiles
  2 big kobolds (D:11)
  5 gnoll sergeants
  6 bullfrogs
  A wyvern zombie (D:11)
  A scorpion (D:10)
  3 killer bees (D:7)
  6 wights (D:9)
  2 howler monkeys
  3 crimson imps
  4 centaur zombies
  A quasit (D:5)
  A bullfrog zombie (D:9)
  9 orc priests
  2 gnoll shamans (D:7)
  10 hounds
  3 jellies
  A bullfrog skeleton (D:11)
  2 iguanas
  17 orc wizards
  Terence (D:3)
  7 worker ants
  2 killer bee zombies
  2 hound zombies
  2 hound skeletons
  3 mummies (Ossuary)
  A howler monkey zombie (D:8)
  3 worker ant zombies
  14 gnolls
  9 adders
  2 shadow imps
  5 adder zombies
  An adder skeleton (D:9)
  A worm (D:4)
  2 dart slugs
  4 leopard geckos
  48 orcs
  A ball python (D:1)
  7 bats
  3 giant cockroaches
  9 goblins
  2 hobgoblins
  7 jackals
  4 quokkas
  2 frilled lizards
  2 gnoll zombies (Ossuary)
  5 goblin zombies
  3 hobgoblin zombies (Ossuary)
  3 jackal zombies (Ossuary)
  9 kobolds
  5 kobold zombies (Ossuary)
  An orc zombie (Ossuary)
  5 quokka zombies
  5 rats
  A rat zombie (Ossuary)
324 creatures vanquished.

Vanquished Creatures (collateral kills)
  Pikel (D:4)
  A black bear (D:5)
  3 ogres
  An elf zombie (Ossuary)
  A bullfrog (D:11)
  2 gnoll sergeants (D:7)
  3 killer bees (D:7)
  A bullfrog skeleton (D:7)
  2 orc priests
  2 hounds
  2 orc wizards
  An iguana (D:9)
  5 gnolls
  6 adders
  3 worms (D:2)
  A leopard gecko (D:3)
  11 orcs
  3 ball pythons
  6 goblins
  3 hobgoblins
  2 jackals (D:7)
  2 quokkas (D:3)
  4 bats
  2 frilled lizards
  A goblin zombie (D:8)
  2 hobgoblin zombies (Ossuary)
  5 kobolds
  A quokka zombie (D:5)
77 creatures vanquished.

Vanquished Creatures (others)
  A sky beast (D:9)
  A worker ant (D:4)
  A gnoll (D:7)
  An orc (D:10)
4 creatures vanquished.

Grand Total: 405 creatures vanquished

Notes
Turn   | Place    | Note
-------+----------+-------------------------------------------
     0 | D:1      | Ignak the Gnoll Wizard began the quest for the Orb.
     0 | D:1      | Reached XP level 1. HP: 13/13 MP: 8/8
   155 | D:1      | Reached XP level 2. HP: 19/19 MP: 5/10
   163 | D:1      | Learned a level 2 spell: Blink
   166 | D:1      | Learned a level 2 spell: Call Imp
   837 | D:2      | Reached XP level 3. HP: 25/25 MP: 7/11
   842 | D:2      | Learned a level 3 spell: Conjure Flame
   846 | D:2      | Learned a level 3 spell: Mephitic Cloud
  1088 | D:2      | Reached skill level 1 in Invocations
  1275 | D:2      | Reached skill level 1 in Fighting
  1275 | D:2      | Reached skill level 1 in Short Blades
  1275 | D:2      | Reached skill level 1 in Long Blades
  1275 | D:2      | Reached skill level 1 in Axes
  1275 | D:2      | Reached skill level 1 in Maces & Flails
  1275 | D:2      | Reached skill level 1 in Polearms
  1275 | D:2      | Reached skill level 1 in Staves
  1275 | D:2      | Reached skill level 1 in Slings
  1275 | D:2      | Reached skill level 1 in Bows
  1275 | D:2      | Reached skill level 1 in Crossbows
  1275 | D:2      | Reached skill level 1 in Throwing
  1275 | D:2      | Reached skill level 1 in Armour
  1275 | D:2      | Reached skill level 1 in Shields
  1275 | D:2      | Reached skill level 1 in Unarmed Combat
  1275 | D:2      | Reached skill level 1 in Evocations
  1723 | D:3      | Reached XP level 4. HP: 31/32 MP: 10/13
  1831 | D:3      | Noticed Terence
  1846 | D:3      | Killed Terence
  1846 | D:3      | Reached skill level 1 in Hexes
  1846 | D:3      | Reached skill level 1 in Charms
  1846 | D:3      | Reached skill level 1 in Necromancy
  1846 | D:3      | Reached skill level 1 in Transmutations
  1846 | D:3      | Reached skill level 1 in Fire Magic
  1846 | D:3      | Reached skill level 1 in Ice Magic
  1846 | D:3      | Reached skill level 1 in Air Magic
  1846 | D:3      | Reached skill level 1 in Earth Magic
  1846 | D:3      | Reached skill level 1 in Poison Magic
  2254 | D:3      | Reached XP level 5. HP: 35/37 MP: 9/14
  2717 | D:4      | Noticed Grinder
  2761 | D:4      | Paralysed by Grinder for 6 turns
  2777 | D:4      | Killed Grinder
  2777 | D:4      | Reached XP level 6. HP: 27/44 MP: 13/16
  2939 | D:4      | Noticed a slave
  2940 | D:4      | Noticed a slave
  2940 | D:4      | Noticed a slave
  2940 | D:4      | Noticed a slave
  2941 | D:4      | Noticed Pikel
  2972 | D:4      | Killed a slave
  2981 | D:4      | Killed Pikel
  2981 | D:4      | Reached skill level 5 in Dodging
  2981 | D:4      | Reached XP level 7. HP: 18/51 MP: 9/18
  3310 | D:4      | Noticed Menkaure
  3379 | D:4      | Killed Menkaure
  3719 | D:4      | Reached skill level 5 in Stealth
  3763 | D:4      | Found a snail-covered altar of Cheibriados.
  4063 | D:4      | Found an iron altar of Okawaru.
  4194 | D:5      | Entered Level 5 of the Dungeon
  4241 | D:5      | Reached XP level 8. HP: 30/57 MP: 19/19
  4422 | D:5      | Noticed Edmund
  4440 | D:5      | Killed Edmund
  5020 | D:5      | Noticed Eustachio
  5370 | D:4      | Killed Eustachio
  5484 | D:5      | Reached skill level 8 in Spellcasting
  6234 | D:6      | Reached XP level 9. HP: 59/65 MP: 17/21
  6256 | D:6      | Learned a level 2 spell: Swiftness
  6262 | D:6      | Learned a level 5 spell: Lightning Bolt
  6267 | D:6      | Learned a level 4 spell: Airstrike
  6626 | D:6      | Gained mutation: You are weak. (Str -2) [potion of
                  | mutation]
  6626 | D:6      | Gained mutation: Your mind is acute. (Int +2) [potion of
                  | mutation]
  6626 | D:6      | Gained mutation: You are agile. (Dex +2) [potion of
                  | mutation]
  6765 | D:6      | Found an ancient bone altar of Kikubaaqudgha.
  7005 | D:6      | Found a staircase to the Ecumenical Temple.
  7026 | Temple   | Entered the Ecumenical Temple
  7086 | Temple   | Became a worshipper of Sif Muna the Loreminder
  7270 | D:7      | Found a stormy altar of Qazlal.
  7288 | D:7      | Found Nelewor's Assorted Antiques.
  7324 | D:7      | Bought a pair of gloves for 121 gold pieces
  7324 | D:7      | Bought a brown potion for 24 gold pieces
  7324 | D:7      | Bought a scroll labeled TODIUD INI for 27 gold pieces
  7739 | D:7      | Found a transporter.
  7762 | D:7      | Reached * piety under Sif Muna
  7978 | D:7      | Noticed a moth of wrath
  8486 | D:7      | Found a transporter.
  8491 | D:7      | Noticed Scypier's ghost (novice TrBe)
  8752 | D:7      | Reached skill level 5 in Invocations
  8938 | D:7      | Killed a moth of wrath
  8938 | D:7      | Reached XP level 10. HP: 71/73 MP: 19/22
  9341 | D:7      | Killed Scypier's ghost
  9341 | D:7      | Reached skill level 5 in Fighting
  9341 | D:7      | Reached skill level 5 in Short Blades
  9341 | D:7      | Reached skill level 5 in Long Blades
  9341 | D:7      | Reached skill level 5 in Axes
  9341 | D:7      | Reached skill level 5 in Maces & Flails
  9341 | D:7      | Reached skill level 5 in Polearms
  9341 | D:7      | Reached skill level 5 in Staves
  9341 | D:7      | Reached skill level 5 in Slings
  9341 | D:7      | Reached skill level 5 in Bows
  9341 | D:7      | Reached skill level 5 in Crossbows
  9341 | D:7      | Reached skill level 5 in Throwing
  9341 | D:7      | Reached skill level 5 in Armour
  9341 | D:7      | Reached skill level 5 in Shields
  9341 | D:7      | Reached skill level 5 in Unarmed Combat
  9341 | D:7      | Reached skill level 5 in Evocations
  9762 | D:8      | Found Arruil's Book Boutique.
  9824 | D:8      | Found a sand-covered staircase.
  9831 | D:8      | Reached ** piety under Sif Muna
  9835 | Ossuary  | Entered an ossuary
 10177 | Ossuary  | Lost mutation: You are agile. (Dex +2) [potion of mutation]
 10177 | Ossuary  | Lost mutation: Your mind is acute. (Int +2) [potion of
                  | mutation]
 10177 | Ossuary  | Gained mutation: You have a pair of small horns on your
                  | head. [potion of mutation]
 10177 | Ossuary  | Gained mutation: You have supernaturally acute eyesight.
                  | (SInv) [potion of mutation]
 10177 | Ossuary  | Gained mutation: Your mind is acute. (Int +2) [potion of
                  | mutation]
 10180 | Ossuary  | Lost mutation: You have a pair of small horns on your head.
                  | [potion of mutation]
 10180 | Ossuary  | Lost mutation: You are weak. (Str -2) [potion of mutation]
 10180 | Ossuary  | Gained mutation: You are agile. (Dex +2) [potion of
                  | mutation]
 10180 | Ossuary  | Gained mutation: Your flesh is heat resistant. (rF+)
                  | [potion of mutation]
 10635 | D:8      | Found a burning altar of Makhleb.
 10708 | D:8      | Found a glowing silver altar of Zin.
 10903 | D:8      | Reached skill level 9 in Spellcasting
 11140 | D:9      | Found a runed translucent door.
 11158 | D:9      | Reached *** piety under Sif Muna
 11228 | D:9      | Learned a level 2 spell: Shroud of Golubria
 11232 | D:9      | Learned a level 3 spell: Regeneration
 11245 | D:9      | Got a distressingly furry cloak
 11246 | D:9      | Identified the +1 cloak of Twilight {Dex+2} (You found it
                  | on level 9 of the Dungeon)
 11350 | D:9      | Reached skill level 5 in Conjurations
 11350 | D:9      | Reached skill level 5 in Summonings
 11350 | D:9      | Reached skill level 5 in Translocations
 11663 | D:9      | Found an iron altar of Okawaru.
 12331 | D:9      | Found a runed translucent door.
 12469 | D:9      | Noticed a two-headed ogre
 12480 | D:9      | Noticed a two-headed ogre
 12486 | D:9      | Killed a two-headed ogre
 12486 | D:9      | Reached XP level 11. HP: 56/81 MP: 9/24
 12492 | D:9      | Killed a two-headed ogre
 12492 | D:9      | Reached **** piety under Sif Muna
 12770 | D:10     | Entered Level 10 of the Dungeon
 12821 | D:10     | Reached skill level 5 in Hexes
 12821 | D:10     | Reached skill level 5 in Charms
 12821 | D:10     | Reached skill level 5 in Necromancy
 12821 | D:10     | Reached skill level 5 in Transmutations
 12821 | D:10     | Reached skill level 5 in Fire Magic
 12821 | D:10     | Reached skill level 5 in Ice Magic
 12821 | D:10     | Reached skill level 5 in Air Magic
 12821 | D:10     | Reached skill level 5 in Earth Magic
 12821 | D:10     | Reached skill level 5 in Poison Magic
 13037 | D:10     | Found a staircase to the Orcish Mines.
 13677 | D:10     | Found a staircase to the Lair.
 14122 | D:11     | Reached ***** piety under Sif Muna
 14162 | D:11     | Noticed a green ugly thing
 14184 | D:11     | Killed a green ugly thing
 14289 | D:11     | Identified Sif Muna's Catalogue of Curses (Sif Muna gifted
                  | it to you on level 11 of the Dungeon)
 14289 | D:11     | Received a gift from Sif Muna
 14352 | D:11     | Noticed a tengu warrior
 14375 | D:11     | Killed a tengu warrior
 14416 | D:11     | Got a scorched leather armour
 14423 | D:11     | Identified the +1 leather armour of Birdsong {Regen+ Str+4
                  | Dex+3} (You found it on level 11 of the Dungeon)
 14512 | D:11     | Noticed a centaur warrior
 14551 | D:11     | Killed a centaur warrior
 14557 | D:11     | Reached XP level 12. HP: 79/89 MP: 10/25
 14616 | D:11     | Noticed a two-headed ogre
 14632 | D:11     | Killed a two-headed ogre
 14659 | D:11     | Reached skill level 10 in Spellcasting
 14910 | D:11     | Found a portal to a secret trove of treasure.
 14985 | D:11     | Learned a level 3 spell: Vampiric Draining
 15430 | Orc:1    | Entered Level 1 of the Orcish Mines
 15437 | Orc:1    | Noticed an ettin
 15483 | D:10     | Slain by an ettin

Levels and vault maps discovered:
D:1:      kennysheep_arrival_seaside, layout_loops_ring
D:2:      layout_basic, first_ration
D:3:      layout_basic, uniq_terence
D:4:      layout_basic, kennysheep_mini, okawaru_gym_becter,
          minmay_ogre_servants, uniq_pikel, uniq_menkaure, uniq_grinder
D:5:      layout_basic, uniq_edmund, uniq_eustachio
D:6:      layout_loops_cross, kennysheep_mini_moat, temple_hall
D:7:      layout_cave_pools, nicolae_qazlal_general_emergency, serial_shops,
          nicolae_shop_statue_plus, gammafunk_ghost_berserking_beasts,
          serial_gnoll_camp, gnoll_camp_mini_sergeant, gnoll_camp_medium_01,
          gnoll_camp_mini_basic, gnoll_camp_mini_house, gnoll_camp_mini_hut,
          chequers_garden
D:8:      layout_basic, lightli_temple_of_fire, zin_academy, enter_ossuary_4,
          serial_shops, shop
D:9:      cheibrodos_histonic, layout_basic, basic_altar
D:10:     layout_long_grid, erik_lair_dragon, erik_orc_1
D:11:     layout_basic, nicolae_trove_entry_free_sample, grunt_tengu_nest,
          minmay_fractal_squares_gapless_7
D:12:     layout_long_grid, nrook_uturn
Temple:   eino_temple_scatter_basement
Orc:1:    layout_diamond_mine

Skill      XL: |  1  2  3  4  5  6  7  8  9 10 11 12 |
---------------+-------------------------------------+-----
Conjurations   | 2 3 4 5 6 |  6.3
Summonings     | 2 3 4 5 6 |  6.3
Translocations | 2 3 4 5 6 |  6.3
Invocations    | 1 2 3 4 5 6 7 |  7.8
Fighting       | 1 2 3 4 5 6 7 |  7.1
Short Blades   | 1 2 3 4 5 6 7 |  7.1
Long Blades    | 1 2 3 4 5 6 7 |  7.1
Axes           | 1 2 3 4 5 6 7 |  7.1
Maces & Flails | 1 2 3 4 5 6 7 |  7.1
Polearms       | 1 2 3 4 5 6 7 |  7.1
Staves         | 1 2 3 4 5 6 7 |  7.1
Slings         | 1 2 3 4 5 6 7 |  7.1
Bows           | 1 2 3 4 5 6 7 |  7.1
Crossbows      | 1 2 3 4 5 6 7 |  7.1
Throwing       | 1 2 3 4 5 6 7 |  7.1
Armour         | 1 2 3 4 5 6 7 |  7.1
Shields        | 1 2 3 4 5 6 7 |  7.1
Unarmed Combat | 1 2 3 4 5 6 7 |  7.1
Evocations     | 1 2 3 4 5 6 7 |  7.1
Hexes          | 1 2 3 4 5 |  5.9
Charms         | 1 2 3 4 5 |  5.9
Necromancy     | 1 2 3 4 5 |  5.9
Transmutations | 1 2 3 4 5 |  5.9
Fire Magic     | 1 2 3 4 5 |  5.9
Ice Magic      | 1 2 3 4 5 |  5.9
Air Magic      | 1 2 3 4 5 |  5.9
Earth Magic    | 1 2 3 4 5 |  5.9
Poison Magic   | 1 2 3 4 5 |  5.9
Dodging        | 5 6 7 8 |  8.5
Stealth        | 5 6 7 8 |  8.3
Spellcasting   | 8 9 10 | 10.1

Action                   |  1- 3 |  4- 6 |  7- 9 | 10-12 || total
-------------------------+-------+-------+-------+-------++-------
Melee: Unarmed           |    36 |       |       |       ||    36
       Bite              |     6 |     6 |    34 |    81 ||   127
       Short sword       |    48 |       |       |       ||    48
       Quarterstaff      |     3 |    91 |       |       ||    94
       Dagger            |     2 |       |       |       ||     2
       Morningstar       |       |       |   305 |   136 ||   441
       Whip              |       |       |    18 |       ||    18
       Mace              |       |       |    45 |    68 ||   113
       Punch             |       |       |     9 |     5 ||    14
       Spear             |       |       |       |    32 ||    32
       Flail             |       |       |       |   366 ||   366
Throw: Dart              |       |       |     1 |     1 ||     2
 Cast: Magic Dart        |    21 |       |     1 |     5 ||    27
       Call Imp          |    11 |    17 |    71 |    24 ||   123
       Mephitic Cloud    |       |     2 |    34 |    17 ||    53
       Conjure Flame     |       |       |     3 |    19 ||    22
       Blink             |       |       |     7 |    12 ||    19
       Lightning Bolt    |       |       |       |    29 ||    29
       Shroud of Golubri |       |       |       |    14 ||    14
       Regeneration      |       |       |       |    22 ||    22
       Swiftness         |       |       |       |     1 ||     1
       Vampiric Draining |       |       |       |     2 ||     2
Evoke: Wand              |       |       |     2 |     5 ||     7
  Use: Scroll            |     2 |       |    10 |    14 ||    26
       Potion            |       |       |    10 |     4 ||    14
 Stab: Distracted        |     1 |       |     1 |     3 ||     5
       Sleeping          |     1 |       |    10 |    14 ||    25
       Confused          |       |     1 |     6 |     8 ||    15
  Eat: Chunk             |     2 |     4 |    37 |    24 ||    67
       Ration            |       |       |     1 |       ||     1
Armor: Ring mail         |    40 |    48 |    31 |       ||   119
       Leather armour    |       |       |   179 |   171 ||   350
Dodge: Dodged            |    69 |    96 |   438 |   468 ||  1071
Block: Buckler           |       |       |       |   131 ||   131
